 Dungeon Crawl Stone Soup version 0.30-a0-4-ga7cffc901d (webtiles) character file.

Game seed: 7511090289084752387

9 Setbun the Gusty (level 2, 20/20 HPs)
             Began as a Draconian Air Elementalist on Aug 20, 2022.
             Quit the game on level 1 of the Dungeon.
             The game lasted 00:02:59 (308 turns).

Setbun the Gusty (Draconian Air Elementalist)        Turns: 308, Time: 00:02:59

Health: 20/20      AC:  4    Str: 10    XL:     2   Next: 3%
Magic:  5/5        EV: 12    Int: 15    God:
Gold:   11         SH:  0    Dex: 11    Spells: 4/5 levels left

rFire   . . .      SeeInvis .    (no weapon)
rCold   . . .      Faith    .    (no shield)
rNeg    . . .      Spirit   .    (body armour unavailable)
rPois   .          Reflect  .    (helmet restricted)
rElec   .          Harm     .    (no cloak)
rCorr   .          Rampage  .    (no gloves)
Will    .....                    (no boots)
Stlth   ++........               (no amulet)
HPRegen 0.06/turn                (no ring)
MPRegen 0.09/turn                (no ring)

@: no status effects
A: AC +4, unfitting armour, cold-blooded
a: no special abilities


You were on level 1 of the Dungeon.
You visited 1 branch of the dungeon, and saw 1 of its levels.

You collected 11 gold pieces.

Inventory:

Potions
 a - a potion of magic


   Skills:
 + Level 1.9 Dodging
 + Level 2.0 Stealth
 + Level 2.1 Spellcasting
 + Level 1.2 Conjurations
 + Level 3.1 Air Magic


You had 4 spell levels left.
You knew the following spells:

 Your Spells              Type           Power      Damage    Failure   Level
z - Shock                 Conj/Air       32%        1d5       9%          1

Your spell library contained the following spells:

 Spells                   Type           Power      Damage    Failure   Level
 Static Discharge         Conj/Air       8%         3-4/arc   14%         2
 Swiftness                Air            10%        N/A       19%         3
 Airstrike                Air            5%         2d(1-17)  52%         4


Dungeon Overview and Level Annotations

Branches:
Dungeon (1/15)

Altars:


Innate Abilities, Weirdness & Mutations

Your plain brown scales are hard. (AC +4)
You cannot fit into any form of body armour.
You are cold-blooded and may be slowed by cold attacks.


Message History

The jackal completely misses you.
You hit the jackal but do no damage. The jackal misses you.
The jackal bites you but does no damage.
Aim: a jackal (almost dead, 60% to hit)
The zap hits the jackal.
You kill the jackal!
The zap hits the jackal.
You don't have enough magic to cast this spell.
You don't know that spell.
You hit the jackal. The jackal barely misses you.
You barely miss the jackal. You tail-slap the jackal. The jackal bites you.
The jackal barely misses you.
You don't have enough magic to cast this spell.
You don't have enough magic to cast this spell.
Unknown command.
You don't have enough magic to cast this spell.
You closely miss the jackal. The jackal barely misses you.
You closely miss the jackal. The jackal barely misses you. x2
You closely miss the jackal. Your punch misses the jackal.
The jackal bites you.
You hit the jackal.
You kill the jackal!
Your Stealth skill increases to level 2!
You have reached level 2!
Unknown command.
Unknown command.
Welcome back, Setbun the Draconian Air Elementalist.
Press ? for a list of commands and other information.
Unknown command.
No target in view!
Magic restored.
HP restored.
You see here a jackal corpse.
You now have 11 gold pieces.
A hobgoblin comes into view.
Unknown command.
Unknown command.
Unknown command.
There are no items here.
Are you sure you want to abandon this character and quit the game? (Confirm with "yes".)

##.##.#.###
......#.###
###........#
......#.#.#
###.##.....#
#.##..#..#
#........#
#.##.###.#
#......@.#
........##
...#.##.. .
# #..g +....
#.....
#......
..#.....


You could see a hobgoblin (asleep).

Vanquished Creatures
  A dart slug (D:1)
  3 jackals (D:1)
  A kobold (D:1)
  A frilled lizard (D:1)
6 creatures vanquished.

Notes
Turn   | Place    | Note
-------+----------+-------------------------------------------
     0 | D:1      | Setbun the Draconian Air Elementalist began the quest for
                  | the Orb.
     0 | D:1      | Reached XP level 1. HP: 14/14 MP: 3/3
   168 | D:1      | Reached XP level 2. HP: 12/20 MP: 0/5
   308 | D:1      | Quit the game

Illustrated notes

Levels and vault maps discovered:
D:1:      dpeg_arrival_court, layout_loops_corners,
          shapermc_ecumenical_altar_mp_vishouse, kennysheep_small_spiral

Skill      XL: |  1 |
---------------+----+-----
Stealth        | 2 |  2.0
Dodging        | |  1.9
Spellcasting   | |  2.1
Conjurations   | |  1.2
Air Magic      | |  3.1

Action                   || total
-------------------------++-------
Melee: Unarmed           ||    22
       Tailslap          ||     3
 Cast: Shock             ||    10
Armor: Skin              ||     6
Dodge: Dodged            ||    14

Table legend: (Time is in decaauts)
 A = Elapsed time spent in this place.
 B = Non-inter-level travel time spent in this place.
 C = Inter-level travel time spent in this place.
 D = Time resting spent in this place.
 E = Time spent auto-exploring this place.
 F = Levels seen in this place.
 G = Mean time per level.
                   A        B        C        D        E       F      G
               +--------+--------+--------+--------+--------+-----+--------+
         Total |    308 |    308 |      0 |      0 |    253 |   1 |  308.0 |
       Dungeon |    308 |    308 |      0 |      0 |    253 |   1 |  308.0 |
               +--------+--------+--------+--------+--------+-----+--------+

Top non-repeatable levels by time:
     D:1: 308 daAuts
